 Dungeon Crawl Stone Soup version 0.30-a0-595-g91969c0fa5 (webtiles) character file.

Game seed: 4274968608204931339

828 Leeroy the Martial Artist (level 7, -2/78 HPs)
             Began as a Black Draconian Transmuter on Jan 6, 2023.
             Was an Initiate of Wu Jian.
             Slain by Ijyb
             ... wielding a +0 club
              (3 damage)
             ... on level 5 of the Dungeon.
             The game lasted 00:06:12 (3213 turns).

Leeroy the Martial Artist (DrTm)                    Turns: 3213, Time: 00:06:13

Health: -2/78      AC: 23    Str: 12    XL:     7   Next: 65%
Magic:  10/10      EV:  2    Int: 15    God:    Wu Jian [......]
Gold:   196        SH:  0    Dex: 12    Spells: 2/10 levels left

rFire   . . .      SeeInvis .      - Unarmed
rCold   . . .      Faith    .    (no shield)
rNeg    . . .      Spirit   .    (body armour unavailable)
rPois   +          Reflect  +    (helmet currently unavailable)
rElec   .          Harm     .    (cloak currently unavailable)
rCorr   .          Rampage  .    (gloves currently unavailable)
Will    .....      NoTele   +    (boots currently unavailable)
Stlth   +                        l - amulet of reflection
HPRegen 0.33/turn                d - ring of wizardry
MPRegen 0.12/turn                (no ring)

@: confused, tree-form
A: stationary, stasis, torment immunity, boosted hp, (breathe lightning), AC +6,
unfitting armour, (electricity resistance), (cold-blooded)
a: Renounce Religion


You were on level 5 of the Dungeon.
You worshipped Wu Jian.
Wu Jian was noncommittal.
You were a tree.
You visited 2 branches of the dungeon, and saw 6 of its levels.

You collected 196 gold pieces.

Inventory:

Missiles
 c - 13 poisoned darts
Armour
 b - a +0 pair of boots (melded)
 m - a +0 cloak (melded)
Magical Staves
 s - a staff of poison
Jewellery
 d - a ring of wizardry (left branch)
 l - an amulet of reflection (around neck)
Scrolls
 e - a scroll of teleportation {unknown}
 g - 4 scrolls of identify {unknown}
 h - 3 scrolls of amnesia {unknown}
 i - a scroll of enchant weapon {unknown}
 k - 2 scrolls of torment {unknown}
 q - a scroll of fear {unknown}
 v - a scroll of vulnerability {unknown}
Potions
 f - a potion of berserk rage {unknown}
 j - a potion of attraction {unknown}
 n - a potion of ambrosia
 o - a potion of curing {unknown}
 p - a potion of brilliance {unknown}
 r - a potion of haste {unknown}
 t - a potion of flight {unknown}
 u - a potion of cancellation {unknown}


   Skills:
 - Level 1.1 Fighting
 - Level 1.7 Dodging
 - Level 0.1 Shields
 + Level 9.1 Unarmed Combat
 - Level 2.0 Spellcasting
 - Level 2.0 Transmutations
 - Level 1.0 Ice Magic


You had 2 spell levels left.
You knew the following spells:

 Your Spells              Type           Power      Damage    Failure   Level
a - Beastly Appendage     Tmut           14%        N/A       4%          1
b - Spider Form           Tmut/Pois      4%         N/A       17%         3
c - Ice Form              Ice/Tmut       6%         N/A       41%         4

Your spell library contained the following spells:

 Spells                   Type           Power      Damage    Failure   Level
 Wereblood                Tmut           7%         N/A       6%          2
 Blink                    Tloc           2%         N/A       13%         2
 Momentum Strike          Conj/Tloc      2%         3d8       13%         2
 Lesser Beckoning         Tloc           2%         N/A       26%         3


Dungeon Overview and Level Annotations

Branches:
Dungeon (5/15)             Temple (1/1) D:4

Altars:
Ashenzari
Dithmenos
Elyvilon
Gozag
Hepliaklqana
Kikubaaqudgha
Makhleb
Nemelex Xobeh
Okawaru
Qazlal
Ru
Trog
Uskayaw
Vehumet
Wu Jian
Xom
Yredelemnul
Zin

Portals:
Sewer: D:5

Annotations:
D:5 Ijyb


Innate Abilities, Weirdness & Mutations

You are a tree.
Your roots penetrate the ground, keeping you stationary.
You cannot be teleported.
You are immune to unholy pain and torment.
Your maximum health is greatly increased.
Your equipment is partially melded.
((You can breathe wild blasts of lightning.))
((Your glossy black scales are hard. (AC +6)))
You cannot fit into any form of body armour.
((You are resistant to electric shocks. (rElec)))
((You are cold-blooded and may be slowed by cold attacks.))


Message History

It was a potion of ambrosia.
You are more confused.
You feel invigorated. Duvessa hits you but does no damage. x2
The orc hits you but does no damage. Ijyb hits you but does no damage.
You swing at nothing.
Duvessa hits you with a +0 short sword.
* * * LOW HITPOINT WARNING * * *
You smack the orc!
You kill the orc!
The Council accepts your kill. Duvessa hits you but does no damage.
Ijyb hits you but does no damage.
You swing at nothing.
Duvessa hits you but does no damage. Ijyb hits you with a +0 club.
* * * LOW HITPOINT WARNING * * *
Duvessa hits you but does no damage.
You hit Duvessa.
Duvessa is severely wounded.
Ijyb hits you but does no damage. Duvessa hits you but does no damage.
You smack Duvessa!
Duvessa is almost dead.
Duvessa hits you with a +0 short sword!
* * * LOW HITPOINT WARNING * * *
Ijyb hits you but does no damage.
You swing at nothing.
You feel less invigorated. Duvessa hits you with a +0 short sword!
* * * LOW HITPOINT WARNING * * *
Ijyb hits you but does no damage.
You swing at nothing.
Duvessa hits you with a +0 short sword!
* * * LOW HITPOINT WARNING * * *
Okay, then.
You smack Duvessa!
You kill Duvessa!
The Council accepts your kill.
You have got your breath back.
Ijyb hits you with a +0 club.
* * * LOW HITPOINT WARNING * * *
Your Unarmed Combat skill increases to level 9!
You closely miss Ijyb.
Ijyb is severely wounded.
Ijyb hits you with a +0 club.
You die...

##.........## #
.!..~~~.....
#.#..~~~~~..#
#.#..~~∩~~..#
##....~~~~~..#
#.......~~~...#.
#...............
#......)♣.......
#......g).......
#...$...........
.......†.......
#####..#........
.......†....##..
.......†.#### #
>#####$....######
#.#......[.###


You could see Ijyb.

Vanquished Creatures
  Duvessa (D:5)
  An ice beast (D:5)
  An ogre (D:5)
  Blork the orc (D:5)
  A scorpion (D:4)
  Dowan (D:5)
  A howler monkey (D:5)
  2 hounds
  2 jellies (D:4)
  Natasha (thrice) (D:2)
  An orc wizard (D:5)
  6 adders
  A worm (D:2)
  2 dart slugs (D:1)
  4 orcs
  9 ball pythons
  2 endoplasms (D:1)
  6 giant cockroaches
  5 hobgoblins
  9 jackals
  2 quokkas
  3 bats (D:1)
  A frilled lizard (D:1)
  6 goblins
  4 kobolds
  3 rats
78 creatures vanquished.

Notes
Turn   | Place    | Note
-------+----------+-------------------------------------------
     0 | D:1      | Leeroy the Draconian Transmuter began the quest for the
                  | Orb.
     0 | D:1      | Reached XP level 1. HP: 16/16 MP: 3/3
    52 | D:1      | Reached XP level 2. HP: 15/23 MP: 5/5
   151 | D:1      | Reached skill level 4 in Unarmed Combat
   267 | D:1      | Reached XP level 3. HP: 28/28 MP: 6/6
   274 | D:1      | Learned a level 3 spell: Spider Form
   793 | D:2      | Noticed Natasha
   804 | D:2      | Killed Natasha
   805 | D:2      | Reached skill level 5 in Unarmed Combat
   805 | D:2      | Reached XP level 4. HP: 13/35 MP: 5/7
  1135 | D:2      | Noticed Natasha
  1145 | D:2      | Killed Natasha
  1531 | D:2      | Noticed Natasha
  1540 | D:2      | Killed Natasha
  1541 | D:2      | Reached XP level 5. HP: 30/40 MP: 6/8
  2057 | D:4      | Reached skill level 6 in Unarmed Combat
  2158 | D:4      | Learned a level 4 spell: Ice Form
  2332 | D:4      | Reached XP level 6. HP: 47/47 MP: 4/9
  2452 | D:4      | Found a glowing silver altar of Zin.
  2480 | D:4      | Reached skill level 7 in Unarmed Combat
  2566 | D:4      | Found a staircase to the Ecumenical Temple.
  2641 | Temple   | Entered the Ecumenical Temple
  2828 | Temple   | Became a worshipper of the Wu Jian Council
  2862 | D:5      | Entered Level 5 of the Dungeon
  2965 | D:5      | Noticed an ice beast
  3047 | D:5      | Killed an ice beast
  3087 | D:5      | Noticed Blork the orc
  3104 | D:5      | Killed Blork the orc
  3111 | D:5      | Reached skill level 8 in Unarmed Combat
  3111 | D:5      | Reached skill level 1 in Ice Magic
  3111 | D:5      | Your scales start taking on a glossy black colour.
  3111 | D:5      | Reached XP level 7. HP: 21/52 MP: 1/10
  3111 | D:5      | Gained mutation: You are resistant to electric shocks.
                  | (rElec) [Black Draconian growth]
  3122 | D:5      | Noticed Dowan
  3140 | D:5      | Killed Dowan
  3186 | D:5      | Noticed Ijyb
  3186 | D:5      | Noticed Duvessa
  3188 | D:5      | Found a glowing drain.
  3211 | D:5      | HP: 2/78 [Duvessa/+0 short sword (11)]
  3212 | D:5      | Killed Duvessa
  3213 | D:5      | Reached skill level 9 in Unarmed Combat
  3213 | D:5      | Slain by Ijyb

Illustrated notes

Levels and vault maps discovered:
D:1:      scummos_arrival_hexagon, layout_rooms, chequers_serial_rivers_small_3,
          minmay_split_cup_small
D:2:      layout_basic, hangedman_decor_riveting, uniq_natasha
D:3:      cheibrodos_pilgrimage, layout_rooms, marbit_many_paths, serial_shops,
          nicolae_shop_crystal
D:4:      layout_rooms, zin_academy, minmay_temple_entry_glassed_door,
          grunt_ministairs_13, chequers_serial_rivers_small_3, nrook_uturn
D:5:      layout_rooms, portal_sewer_entry_a, hangedman_abyss_or_decor_passed,
          uniq_duvessa, uniq_ijyb, uniq_blork_the_orc
Temple:   bh_familiar_temple

Skill      XL: |  1  2  3  4  5  6  7 |
---------------+----------------------+-----
Unarmed Combat | 4 5 6 8 9 |  9.1
Ice Magic      | 1 |  1.0
Fighting       | |  1.1
Dodging        | |  1.7
Shields        | |  0.1
Spellcasting   | |  2.0
Transmutations | |  2.0

Action                   |  1- 3 |  4- 6 |  7- 9 || total
-------------------------+-------+-------+-------++-------
Melee: Unarmed           |   126 |   113 |    42 ||   281
       Tailslap          |    11 |     9 |     2 ||    22
       Punch             |     1 |     2 |       ||     3
       Kick              |     5 |    13 |       ||    18
       Headbutt          |     3 |    12 |     1 ||    16
 Cast: Beastly Appendage |     2 |    12 |       ||    14
       Ice Form          |       |     3 |       ||     3
       Spider Form       |       |       |     1 ||     1
 Abil: Breathe Lightning |       |       |     1 ||     1
  Use: Potion            |       |     2 |     2 ||     4
Armor: Skin              |    52 |    32 |    28 ||   112
Dodge: Dodged            |    86 |    67 |    16 ||   169
Block: Other             |     1 |    27 |     7 ||    35
       Reflection        |       |       |     1 ||     1

Table legend: (Time is in decaauts)
 A = Elapsed time spent in this place.
 B = Non-inter-level travel time spent in this place.
 C = Inter-level travel time spent in this place.
 D = Time resting spent in this place.
 E = Time spent auto-exploring this place.
 F = Levels seen in this place.
 G = Mean time per level.
                   A        B        C        D        E       F      G
               +--------+--------+--------+--------+--------+-----+--------+
         Total |   3191 |   3022 |    169 |    465 |   1815 |   6 |  531.8 |
       Dungeon |   2981 |   2855 |    126 |    465 |   1658 |   5 |  596.2 |
        Temple |    209 |    166 |     43 |      0 |    157 |   1 |  209.0 |
               +--------+--------+--------+--------+--------+-----+--------+

Top non-repeatable levels by time:
     D:2: 1086 daAuts
     D:4: 1017 daAuts
     D:1: 565 daAuts
  Temple: 209 daAuts
     D:5: 191 daAuts
     D:3: 121 daAuts
